Selects Australian Defense Battlegroup
Selects Australian Light Infantry Section
Australian Light Infantry Section
Australian Light Infantry Section
Construct Section Command Post
Selects 2-pounder Anti-tank Gun Team
2-pounder Anti-tank Gun Team
Construct Platoon Command Post
Selects CMP 15cwt Supply Run
Australian Light Infantry Section
Unlock Bishop Self-propelled Artillery
Selects Reinforced Resource Caches
2-pounder Anti-tank Gun Team
Construct Company Command Post
Selects Archer Tank Destroyer
Unlock M3 Grant Medium Tanks